 Dungeon Crawl Stone Soup version 0.24.0-125-gc4c63601f3 (webtiles) character file.

Game seed: 5777553495803969269, levelgen mode: deterministic

52801 shadizar the Warrior (level 14, -15/98 HPs)
             Began as a Gargoyle Fighter on Mar 13, 2020.
             Was the Champion of Okawaru.
             Killed by the air
             ... invoked by Gastronok
              (42 damage)
             ... on level 12 of the Dungeon.
             The game lasted 00:34:24 (20292 turns).

shadizar the Warrior (Gargoyle Fighter)            Turns: 20292, Time: 00:34:25

Health: -15/98     AC: 41    Str: 31    XL:     14   Next: 65%
Magic:  14/21      EV: 17    Int:  6    God:    Okawaru [******]
Gold:   600        SH: 16    Dex: 16    Spells: 13/13 levels left

rFire    + . .     SeeInvis +   K - +1 morningstar of Niryes {freeze, *Noise rElec rF+ Dex+7 SInv}
rCold    . . .     Gourm    .   c - +1 shield
rNeg     + . .     Faith    .   L - +0 plate armour
rPois    ∞         Spirit   .   d - +2 hat
rElec    +         Reflect  .   D - +2 cloak
rCorr    .         Harm     .   z - +2 pair of gloves of Byinif {Str+5 Int-2 Stlth+}
MR       ++...     Clarity  +   (no boots)
Stlth    ..........             (no amulet)
HPRegen  0.26/turn              G - ring "Ihiuq" {AC+5 Slay+2}
MPRegen  0.17/turn              r - ring of protection from magic

@: heroism, finesse, flying
A: big wings, blurry vision 1, clarity, negative energy resistance 1,
electricity resistance, unbreathing, petrification resistance, rot immunity, AC
+10
a: Stop Flying, Heroism, Finesse, Renounce Religion


You were on level 12 of the Dungeon.
You worshipped Okawaru.
Okawaru was exalted by your worship.
You were not hungry.

You visited 3 branches of the dungeon, and saw 19 of its levels.
You also visited: Sewer.

You collected 1125 gold pieces.
You spent 525 gold pieces at shops.

Inventory:

Hand Weapons
 I - the +3 rapier "Nelisa" {protect, *Rage MP+9 Str+8 Int+2}
   (Okawaru gifted it to you on level 5 of the Lair of Beasts)

   It grants its wielder temporary protection when it strikes (+7 to AC).
   It affects your strength (+8).
   It affects your intelligence (+2).
   It affects your magic capacity (+9).
   It may make you go berserk in combat.
 K - the +1 morningstar of Niryes (weapon) {freeze, *Noise rElec rF+ Dex+7 SInv}
   (You bought it in a shop on level 10 of the Dungeon)

   It has been specially enchanted to freeze those struck by it, causing extra
   injury to most foes and up to half again as much damage against particularly
   susceptible opponents.
   It can also slow down cold-blooded creatures.
   It affects your dexterity (+7).
   It protects you from fire.
   It insulates you from electricity.
   It lets you see invisible.
   It may make noises in combat.
 R - a +6 hunting sling
Armour
 b - a scarf of cloud immunity
 c - a +1 shield (worn)
 d - a +2 hat (worn)
 z - the +2 pair of gloves of Byinif (worn) {Str+5 Int-2 Stlth+}
   (You bought it in a shop on level 7 of the Dungeon)

   It affects your strength (+5).
   It affects your intelligence (-2).
   It makes you more stealthy.
 D - a +2 cloak (worn)
 L - a +0 plate armour (worn)
 N - the cursed +0 scale mail "Tilled" {rN+ MR+, unknown}
   (You found it on level 6 of the Lair of Beasts)

   It protects you from negative energy.
   It affects your resistance to hostile enchantments.
   It has a curse placed upon it.
Jewellery
 h - the ring of Life {Fire +Inv rPois Int+4}
   (You found it on level 6 of the Lair of Beasts)

   [ring of fire]

   It enhances your fire magic.
   It affects your intelligence (+4).
   It protects you from fire.
   It makes you vulnerable to cold.
   It protects you from poison.
   It lets you turn invisible.
 l - a cursed ring of attention {unknown}
 m - a +4 ring of strength {unknown}
 n - an uncursed amulet of the gourmand {unknown}
 r - a ring of protection from magic (right hand)
 y - an uncursed ring of ice
 E - an uncursed ring of protection from fire {unknown}
 G - the ring "Ihiuq" (left hand) {AC+5 Slay+2}
   (You found it on level 4 of the Lair of Beasts)

   [ring of protection]

   It affects your AC (+5).
   It affects your accuracy and damage with ranged weapons and melee attacks
   (+2).
Wands
 e - a wand of acid (9)
 p - a wand of iceblast (38)
 u - a wand of digging (5)
 A - a wand of flame (25)
Scrolls
 j - 6 scrolls of fog
 k - 2 scrolls of magic mapping
 o - 7 scrolls of identify
 q - 4 scrolls of enchant armour
 s - 6 scrolls of remove curse
 t - 11 scrolls of teleportation
 v - 3 scrolls of holy word
 x - a scroll of brand weapon
 F - 2 scrolls of blinking
 O - 2 scrolls of amnesia
 P - a scroll of vulnerability {unknown}
 S - a scroll of enchant weapon
Potions
 g - 3 potions of curing
 w - 5 potions of might
 B - 2 potions of ambrosia {unknown}
 C - 2 potions of cancellation
 H - a potion of resistance
 J - a potion of haste {unknown}
 Q - a potion of agility
Miscellaneous
 a - a phantom mirror
Comestibles
 f - 40 rations
 M - 5 chunks of flesh


   Skills:
 + Level 15.1(20.1) Fighting
 + Level 10.9(15.9) Maces & Flails
 + Level 10.7(15.7) Armour
 + Level 7.8(12.8) Dodging
 + Level 10.6(15.6) Shields
 + Level 9.9 Invocations


You had 13 spell levels left.
You didn't know any spells.
Your spell library contained the following spells:

 Spells                   Type           Power        Failure   Level  Hunger
 Confusing Touch          Hex            #.....       94%         1    ##.....
 Corona                   Hex            #......      94%         1    ##.....
 Slow                     Hex            #.......     98%         2    ###....
 Confuse                  Hex            #.......     100%        3    ####...
 Gell's Gravitas          Tloc           #.........   100%        3    ####...
 Inner Flame              Hex/Fire       #.......     100%        3    ####...
 Portal Projectile        Hex/Tloc       #.....       100%        3    ####...
 Static Discharge         Conj/Air       #.......     100%        3    ####...
 Cause Fear               Hex            #.........   100%        4    #####..
 Leda's Liquefaction      Hex/Erth       #.........   100%        4    #####..
 Petrify                  Tmut/Erth      #.......     100%        4    #####..
 Bolt of Magma            Conj/Fire/Erth #.........   100%        5    ######.
 Iskenderun's Battlesphe  Conj/Chrm      #.......     100%        5    ######.
 Lightning Bolt           Conj/Air       #.........   100%        5    ######.
 Metabolic Englaciation   Hex/Ice        #.........   100%        5    ######.
 Venom Bolt               Conj/Pois      #.........   100%        5    ######.
 Yara's Violent Unravell  Hex/Tmut       #.........   100%        5    ######.
 Iron Shot                Conj/Erth      #.........   100%        6    #######
 Orb of Destruction       Conj           #.........   100%        7    #######
 Spellforged Servitor     Conj/Summ      #.........   100%        7    #######
 Ignition                 Fire           #.........   100%        8    #######
 Shatter                  Erth           #.........   100%        9    #######
 Tornado                  Air            #.........   100%        9    #######


Dungeon Overview and Level Annotations

Branches:
Dungeon (12/15)            Temple (1/1) D:7            Lair (6/6) D:8
  Swamp (0/4) Lair:2        Snake (0/4) Lair:3        Slime (0/5) Lair:5
    Orc (0/2) D:12          Sewer (visited)

Altars:
Ashenzari
Cheibriados
Dithmenos
Elyvilon
Fedhas
Gozag
Hepliaklqana
Kikubaaqudgha
Makhleb
Nemelex Xobeh
Okawaru
Qazlal
Ru
Sif Muna
Trog
Uskayaw
Vehumet
Wu Jian
Xom
Yredelemnul
Zin
The Shining One
Jiyva

Shops:
D:6 (   D:7 *   D:10 (

Annotations:
D:4 1 runed translucent door, Crazy Yiuf
D:11 3 runed translucent doors, Incroyableducul's ghost, journeyman GrFi
D:12 Gastronok
Lair:5 1 runed translucent door


Innate Abilities, Weirdness & Mutations

You are resistant to torment.
Your stone body is resilient. (AC +10)
You are immune to poison.
Your large and strong wings let you fly indefinitely.
You resist negative energy. (rN+)
You are resistant to electric shocks. (rElec)
You can survive without breathing.
You are immune to petrification.
You are immune to rotting.
Scrolls take you a little longer to read.
You possess an exceptional clarity of mind.


Message History

You gain the combat prowess of a mighty hero.
You block the crocodile's attack. Gastronok completely misses you.
You hit Gastronok. You freeze Gastronok.
Gastronok is severely wounded.
The crocodile completely misses you.
A brown ugly thing comes into view.
You bludgeon Gastronok!! You freeze Gastronok.
Gastronok is severely wounded.
You feel better. You block the crocodile's attack.
A soldier ant comes into view.
Gastronok bites you!
* * * LOW HITPOINT WARNING * * *
You feel much better. You block the hound's attack.
You block the crocodile's attack. The hound bites you but does no damage.
You sock Gastronok! You freeze Gastronok.
Your morningstar of Niryes shouts out instructions!
Gastronok is almost dead.
Gastronok waves his eye-stalks in wide circles.
The air twists around and violently strikes you in flight!!!
You die...

# ## . #.#.
.a##.#.### .....u...
.##...h.###### #..
......t@.....# .#
.###..w.#....#######
#
########...#..(.###
..........##...###
##############...#
..........
########## #


You could see Gastronok, a brown ugly thing, a soldier ant, a crocodile and a
hound.

Vanquished Creatures
  The ghost of Unguv the Grappler, a journeyman OgTm of Sif Muna (Lair:6)
  Snorg (D:11)
  Fannar (D:11)
  9 hydras
  Erolcha (D:11)
  3 two-headed ogres
  Erica (Lair:2)
  3 catoblepae (Lair:6)
  5 death yaks (Lair:6)
  Sonja (D:10)
  An unseen horror (D:10)
  An ugly thing (D:12)
  4 manticores
  A cyclops (D:11)
  A black mamba (Lair:1)
  4 centaur zombies
  Maurice (D:11)
  11 spiny frogs
  3 rime drakes (Lair:6)
  6 komodo dragons
  A kobold demonologist (D:11)
  2 trolls
  A queen bee (Lair:5)
  3 meliai (Lair:5)
  2 polar bears
  13 blink frogs
  4 hippogriffs
  50 yaks
  A wyvern (D:12)
  A water elemental (D:11)
  A basilisk (Lair:5)
  3 hungry ghosts
  3 wargs (D:8)
  5 nagas (Lair:3)
  A swamp worm (Lair:2)
  3 hydra simulacra (Lair:6)
  18 porcupines
  5 water moccasins
  Purgy (Sewer)
  An ice beast (D:8)
  2 orc warriors (D:6)
  3 sky beasts
  3 phantoms
  A necrophage (D:11)
  3 ogres
  3 black mamba simulacra (Lair:6)
  14 crocodiles
  13 wolves
  3 centaurs
  5 big kobolds
  12 bullfrogs
  A spiny frog simulacrum (Lair:6)
  A wyvern skeleton (D:6)
  4 scorpions
  A dream sheep simulacrum (Lair:6)
  30 killer bees
  8 howler monkeys
  7 wights (D:10)
  4 electric eels (D:11)
  5 crimson imps
  A bullfrog zombie (D:12)
  2 orc priests
  A jelly (D:11)
  A bullfrog skeleton (D:9)
  4 hounds
  7 orc wizards
  Ijyb (D:3)
  4 iguanas
  8 worker ants
  5 hell rats (Lair:6)
  A hound zombie (D:7)
  2 hound skeletons (D:7)
  A worker ant zombie (D:7)
  A howler monkey skeleton (D:7)
  15 adders
  2 shadow imps
  2 oozes
  An adder zombie (D:3)
  2 worms
  2 dart slugs
  4 leopard geckos
  36 orcs
  11 giant cockroaches
  7 goblins
  10 hobgoblins
  6 jackals (D:11)
  19 kobolds
  5 quokkas
  4 ball pythons
  7 bats
  9 frilled lizards
  2 leopard gecko skeletons
  A quokka skeleton (D:9)
  13 rats
  A spectral orc (D:3)
  A fungus (Lair:2)
  A plant (Lair:6)
501 creatures vanquished.

Vanquished Creatures (others)
  6 fungi
  15 plants
21 creatures vanquished.

Grand Total: 522 creatures vanquished

Notes
Turn   | Place    | Note
-------+----------+-------------------------------------------
     0 | D:1      | shadizar the Gargoyle Fighter began the quest for the Orb.
     0 | D:1      | Reached XP level 1. HP: 14/14 MP: 1/1
    54 | D:1      | Reached XP level 2. HP: 9/20 MP: 2/2
   359 | D:1      | Reached skill level 4 in Fighting
   399 | D:1      | Reached XP level 3. HP: 24/24 MP: 3/3
   905 | D:2      | Found a white marble altar of Elyvilon.
  1011 | D:2      | Reached XP level 4. HP: 30/30 MP: 4/4
  1014 | D:2      | Found a shimmering altar of Xom.
  1015 | D:2      | Found a shimmering altar of Xom.
  1015 | D:2      | Found a shimmering altar of Xom.
  1017 | D:2      | Found a shimmering altar of Xom.
  1018 | D:2      | Found a shimmering altar of Xom.
  1018 | D:2      | Found a shimmering altar of Xom.
  1198 | D:2      | Noticed a moth of wrath
  1202 | D:2      | Found a bloodstained altar of Trog.
  1337 | D:3      | Reached skill level 5 in Fighting
  1601 | D:3      | Found a basalt altar of Yredelemnul.
  1669 | D:3      | Noticed Ijyb
  1687 | D:3      | Killed Ijyb
  1687 | D:3      | Reached XP level 5. HP: 34/35 MP: 5/5
  1808 | D:3      | Found an ancient bone altar of Kikubaaqudgha.
  2379 | D:4      | Reached skill level 6 in Fighting
  2384 | D:4      | Reached XP level 6. HP: 22/41 MP: 6/6
  2450 | D:4      | Found a glowing drain.
  2502 | Sewer    | Entered a sewer
  2606 | Sewer    | Noticed Purgy
  2619 | Sewer    | Killed Purgy
  2797 | D:4      | Found a burning altar of Makhleb.
  2808 | D:4      | Found a sparkling altar of Nemelex Xobeh.
  2860 | D:4      | Noticed a phantom
  2885 | D:4      | Killed a phantom
  2885 | D:4      | Reached skill level 7 in Fighting
  2885 | D:4      | Reached XP level 7. HP: 42/48 MP: 7/7
  3070 | D:4      | Found a runed translucent door.
  3071 | D:4      | Noticed Crazy Yiuf
  3255 | D:5      | Entered Level 5 of the Dungeon
  3952 | D:6      | Reached skill level 8 in Fighting
  3952 | D:6      | Reached skill level 5 in Maces & Flails
  3971 | D:6      | Noticed a two-headed ogre
  4464 | D:5      | Gained mutation: Scrolls take you a little longer to read.
                  | [potion of mutation]
  4464 | D:5      | Gained mutation: You possess an exceptional clarity of
                  | mind. [potion of mutation]
  4468 | D:5      | Reached XP level 8. HP: 34/55 MP: 8/8
  4755 | D:6      | Reached skill level 9 in Fighting
  5328 | D:7      | Found a snail-covered altar of Cheibriados.
  5436 | D:7      | Found a sacrificial altar of Ru.
  5472 | D:7      | Found Zoppuena's Assorted Antiques.
  5480 | D:7      | Bought a pair of transparent gloves for 228 gold pieces
  5493 | D:7      | Identified the +2 pair of gloves of Byinif {Str+5 Int-2
                  | Stlth+} (You bought it in a shop on level 7 of the Dungeon)
  5610 | D:7      | Found a staircase to the Ecumenical Temple.
  5637 | D:7      | Reached skill level 1 in Dodging
  5652 | Temple   | Entered the Ecumenical Temple
  5751 | Temple   | Became a worshipper of Warmaster Okawaru
  5870 | D:7      | Noticed a troll
  5883 | D:7      | Killed a troll
  5883 | D:7      | Reached skill level 10 in Fighting
  5883 | D:7      | Reached skill level 1 in Invocations
  5883 | D:7      | Reached XP level 9. HP: 41/62 MP: 8/10
  6963 | D:8      | Reached * piety under Okawaru
  6996 | D:8      | Found an iron altar of Okawaru.
  7013 | D:8      | Found a staircase to the Lair.
  7317 | D:8      | Found an opulent altar of Gozag.
  7476 | D:8      | Reached skill level 5 in Armour
  7615 | D:8      | Reached ** piety under Okawaru
  7615 | D:8      | Reached skill level 5 in Shields
  7628 | D:8      | Reached XP level 10. HP: 47/68 MP: 12/12
  7633 | D:8      | Reached skill level 11 in Fighting
  7867 | D:8      | Reached *** piety under Okawaru
  8554 | D:6      | Killed a two-headed ogre
  8554 | D:6      | Reached **** piety under Okawaru
  8942 | D:6      | Found Liloskue's Antique Weapon Boutique.
  9237 | Lair:1   | Entered Level 1 of the Lair of Beasts
  9237 | Lair:1   | Noticed a seven-headed hydra
  9252 | Lair:1   | Killed a seven-headed hydra
  9277 | Lair:1   | Noticed a spiny frog
  9281 | Lair:1   | Killed a spiny frog
  9281 | Lair:1   | Reached skill level 5 in Invocations
  9281 | Lair:1   | Reached XP level 11. HP: 46/76 MP: 14/14
  9328 | Lair:1   | Reached skill level 12 in Fighting
  9972 | Lair:1   | Reached ***** piety under Okawaru
 10002 | Lair:1   | Noticed a four-headed hydra
 10015 | Lair:1   | Killed a four-headed hydra
 11086 | Lair:2   | Noticed a seven-headed hydra
 11101 | Lair:2   | Killed a seven-headed hydra
 11460 | Lair:2   | Noticed Erica
 11484 | Lair:1   | Reached skill level 5 in Dodging
 11548 | Lair:2   | Killed Erica
 11548 | Lair:2   | Reached XP level 12. HP: 41/82 MP: 13/16
 11659 | Lair:2   | Reached skill level 13 in Fighting
 11771 | Lair:2   | Found a staircase to the Swamp.
 11875 | Lair:2   | Noticed a seven-headed hydra
 11886 | Lair:2   | Killed a seven-headed hydra
 11918 | Lair:2   | Reached ****** piety under Okawaru
 12252 | Lair:2   | Received a gift from Okawaru
 12966 | Lair:3   | Found a staircase to the Snake Pit.
 13179 | Lair:3   | Noticed a seven-headed hydra
 13185 | Lair:3   | Killed a seven-headed hydra
 13846 | Lair:4   | Noticed a four-headed hydra
 13857 | Lair:4   | Killed a four-headed hydra
 13884 | Lair:4   | Got a flickering ivory ring
 14476 | Lair:4   | You fall into a shaft and drop 2 floors!
 14476 | Lair:6   | Entered Level 6 of the Lair of Beasts
 14525 | Lair:6   | Found a runed translucent gate.
 14526 | Lair:6   | Found a runed translucent gate.
 14808 | Lair:5   | Reached skill level 14 in Fighting
 14810 | Lair:5   | Reached XP level 13. HP: 84/90 MP: 18/18
 15026 | Lair:5   | Found a runed translucent door.
 15089 | Lair:5   | Found a viscous altar of Jiyva.
 15090 | Lair:5   | Found a staircase to the Slime Pits.
 15090 | Lair:5   | Noticed an acid blob
 15251 | Lair:5   | Received a gift from Okawaru
 15257 | Lair:5   | Got a smoking rapier {god gift}
 15814 | Lair:6   | Got a steaming scale mail
 16233 | Lair:6   | Found a runed translucent gate.
 16489 | Lair:6   | Received a gift from Okawaru
 16503 | Lair:6   | Reached skill level 10 in Maces & Flails
 17261 | Lair:6   | Noticed Unguv's ghost (journeyman OgTm)
 17330 | Lair:6   | Identified the ring "Ihiuq" {AC+5 Slay+2} (You found it on
                  | level 4 of the Lair of Beasts)
 17334 | Lair:6   | Identified the +3 rapier "Nelisa" {protect, *Rage MP+9
                  | Str+8 Int+2} (Okawaru gifted it to you on level 5 of the
                  | Lair of Beasts)
 17406 | Lair:6   | Killed Unguv's ghost
 17406 | Lair:6   | Received a gift from Okawaru
 17441 | Lair:6   | Reached skill level 10 in Armour
 17441 | Lair:6   | Gained mutation: Your large and strong wings let you fly
                  | indefinitely. [Gargoyle growth]
 17441 | Lair:6   | Reached XP level 14. HP: 49/96 MP: 17/20
 17684 | Lair:6   | Got the ring of Life {Fire}
 17689 | Lair:6   | Got a jewelled helmet
 17757 | Lair:6   | Identified the cursed +0 helmet of Ledeul {rElec} (You
                  | found it on level 6 of the Lair of Beasts)
 17758 | Lair:6   | Identified the ring of Life {Fire +Inv rPois Int+4} (You
                  | found it on level 6 of the Lair of Beasts)
 18143 | D:9      | Reached skill level 10 in Shields
 18474 | D:9      | Found a blossoming altar of Fedhas.
 18765 | D:9      | Found a shadowy altar of Dithmenos.
 18798 | D:10     | Entered Level 10 of the Dungeon
 19050 | D:10     | Found Jidi's Antique Weapon Emporium.
 19053 | D:10     | Bought a brightly glowing morningstar for 297 gold pieces
 19054 | D:10     | Identified the cursed +1 morningstar of Niryes {freeze,
                  | *Noise rElec rF+ Dex+7 SInv} (You bought it in a shop on
                  | level 10 of the Dungeon)
 19360 | D:10     | Noticed Sonja
 19373 | D:10     | Killed Sonja
 19595 | D:11     | Noticed Erolcha
 19596 | D:11     | Noticed Fannar
 19606 | D:11     | Killed Erolcha
 19614 | D:11     | Killed Fannar
 19713 | D:11     | Reached skill level 15 in Fighting
 19836 | D:11     | Noticed Snorg
 19839 | D:11     | Noticed Maurice
 19860 | D:11     | Killed Snorg
 19864 | D:11     | Killed Maurice
 19896 | D:11     | Received a gift from Okawaru
 19950 | D:11     | Found a runed translucent gate.
 19950 | D:11     | Found a runed translucent gate.
 19950 | D:11     | Found a runed translucent gate.
 19950 | D:11     | Noticed Incroyableducul's ghost (journeyman GrFi)
 20176 | D:12     | Found a staircase to the Orcish Mines.
 20276 | D:12     | Noticed Gastronok
 20292 | D:12     | Killed from afar by Gastronok

Levels and vault maps discovered:
D:1:      minmay_arrival_jagged, layout_basic
D:2:      layout_rooms, nicolae_overflow_crystal_walls, tgw_trog,
          xom_redecorated, kennysheep_generic_room_12
D:3:      layout_basic, yredelemnul_forgotten_temple_becter,
          overflow_temple_1_default, wad_floor_pattern_untrapped, uniq_ijyb
D:4:      layout_basic, nemelex_xobeh_ov_fountains_minmay,
          overflow_temple_1_default, portal_sewer_entry_a, first_ration,
          uniq_crazy_yiuf_cottage
D:5:      layout_loops_ring
D:6:      layout_gridville, serial_shops, nicolae_shop_stone
D:7:      layout_loops_corners, lemuel_crystal_altar, lemuel_doored_altar,
          minmay_temple_entry_statues_pillars, serial_shops,
          nicolae_shop_crystal
D:8:      argonaut_augean_stables, layout_loops_corners,
          lemuel_coloured_pillars_altar, erik_lair_orcish_takeover, basic_altar,
          blue_anna_alchemist [blue_anna_fruit_fields, blue_anna_fruit_fields]
D:9:      layout_loops_ring, grunt_dithmenos_shadows, lemuel_round_altar,
          hangedman_corner_corridor
D:10:     layout_loops_ring, serial_shops, kennysheep_mini,
          kennysheep_generic_room_14, uniq_sonja
D:11:     layout_big_octagon, gammafunk_ghost_necromancy, serial_bayou_lake_a,
          uniq_fannar, uniq_maurice, uniq_erolcha, uniq_snorg
D:12:     minmay_skewed_foursquare, layout_basic, orc_0_dummy, uniq_gastronok,
          uniq_kirke
Temple:   zaba_magenta_temple
Lair:1:   layout_cave_shapes, chequers_serial_rivers_micro_c,
          beast_lair_carwin_7, lemuel_fruit_tree
Lair:2:   layout_regular_city, minmay_swamp_entry_worms, beast_lair_carwin_9,
          uniq_erica
Lair:3:   layout_cave_pods, minmay_snake_entry_guardpost_medium
Lair:4:   layout_roguey
Lair:5:   layout_cave_pods, slime_altar_2, special_room [special_room_bee],
          beast_lair_carwin_5
Lair:6:   evilmike_catoblepas_cave, layout_regular_city, gammafunk_ghost_icy,
          lemuel_fruit_fields

Skill      XL: |  1  2  3  4  5  6  7  8  9 10 11 12 13 14 |
---------------+-------------------------------------------+-----
Fighting       | 4 5 6 7 8 10 11 12 14 15 | 15.1
Maces & Flails | 3 4 5 6 7 8 9 10 | 10.9
Dodging        | 1 2 4 5 6 7 |  7.8
Armour         | 4 5 6 7 8 10 | 10.7
Shields        | 4 5 6 7 8 9 10 | 10.6
Invocations    | 1 3 5 6 7 9 |  9.9

Action                   |  1- 3 |  4- 6 |  7- 9 | 10-12 | 13-15 || total
-------------------------+-------+-------+-------+-------+-------++-------
Melee: Flail             |   144 |   255 |   351 |   378 |       ||  1128
       Morningstar       |       |       |    79 |   241 |   788 ||  1108
Invok: Heroism           |       |       |     1 |     9 |    11 ||    21
       Finesse           |       |       |       |       |     6 ||     6
 Abil: Fly               |       |       |       |       |     1 ||     1
  Use: Potion            |       |     1 |     4 |     2 |     3 ||    10
       Scroll            |       |       |       |    13 |    10 ||    23
  Eat: Chunk             |       |     7 |    12 |    17 |    14 ||    50
       Ration            |       |       |     3 |     2 |     2 ||     7
Armor: Scale mail        |    89 |   167 |    89 |       |       ||   345
       Chain mail        |       |       |   137 |   330 |   135 ||   602
       Plate armour      |       |       |       |       |   272 ||   272
Dodge: Dodged            |    60 |    92 |   141 |   238 |   381 ||   912
Block: Shield            |    79 |   168 |   244 |   434 |   646 ||  1571
